 Dungeon Crawl Stone Soup version 0.29.0-4-gdea44cf6ec (webtiles) character file.

Game seed: 8582977555967833315

2579 qw the Cleaver (level 9, -5/54 HPs)
             Began as a Tengu Warper on Aug 28, 2022.
             Was a Follower of Okawaru.
             Killed from afar by an electric eel (7 damage)
             ... with a bolt of electricity
             ... on level 6 of the Dungeon.
             The game lasted 00:00:52 (8465 turns).

qw the Cleaver (Tengu Warper)                       Turns: 8465, Time: 00:00:52

Health: -5/54      AC: 13    Str: 15    XL:     9   Next: 58%
Magic:  11/13      EV: 11    Int: 14    God:    Okawaru [*.....]
Gold:   223        SH:  0    Dex: 14    Spells: 12/12 levels left

rFire   . . .      SeeInvis .   j - +0 hand axe (vamp)
rCold   . . .      Faith    .   (no shield)
rNeg    . . .      Spirit   .   k - +0 chain mail
rPois   .          Reflect  .   (helmet restricted)
rElec   .          Harm     .   g - +1 cloak
rCorr   .          Rampage  .   (no gloves)
Will    .....                   (boots unavailable)
Stlth   ..........              (no amulet)
HPRegen 0.18/turn               (no ring)
MPRegen 0.13/turn               (no ring)

@: heroic, flying quickly and evasively, quick
A: beak, talons 3, nimble flight
a: Renounce Religion, Heroism


You were on level 6 of the Dungeon.
You worshipped Okawaru.
Okawaru was aware of your devotion.
You visited 2 branches of the dungeon, and saw 7 of its levels.

You collected 362 gold pieces.
You spent 139 gold pieces at shops.


Innate Abilities, Weirdness & Mutations

You have a beak for a mouth.
You have claws for feet.
Your magical nature lets you fly swiftly and evasively.


   Skills:
 - Level 5.0(10.0) Fighting
 - Level 11.3(16.3) Axes
 + Level 2.2(7.2) Throwing
 - Level 4.0(9.0) Armour
 - Level 3.0(8.0) Dodging
 - Level 2.0 Spellcasting
 - Level 2.4 Translocations
 + Level 3.1 Invocations


You had 12 spell levels left.
You didn't know any spells.
Your spell library contained the following spells:

 Spells                   Type           Power      Damage    Failure   Level
 Blink                    Tloc           16%        N/A       88%         2
 Gell's Gravitas          Tloc           8%         N/A       98%         3
 Lesser Beckoning         Tloc           8%         N/A       98%         3
 Teleport Other           Tloc           8%         N/A       98%         3
 Manifold Assault         Tloc           8%         N/A       100%        5

Inventory:

Hand Weapons
 d - a +0 morningstar
 j - a +0 vampiric hand axe (weapon)
Missiles
 c - a javelin (quivered)
Armour
 g - a +1 cloak (worn)
 k - a +0 chain mail (worn)
Wands
 e - a wand of digging (1)
Scrolls
 h - a scroll of identify
Potions
 b - a potion of mutation {unknown}
 f - a potion of lignification {unknown}
 l - a potion of curing {unknown}
 m - a potion of berserk rage {unknown}

Dungeon Overview and Level Annotations

Branches:
Dungeon (6/15)             Temple (1/1) D:5

Altars:
Ashenzari
Cheibriados
Dithmenos
Elyvilon
Fedhas
Gozag
Hepliaklqana
Kikubaaqudgha
Makhleb
Nemelex Xobeh
Okawaru
Qazlal
Ru
Trog
Uskayaw
Vehumet
Wu Jian
Xom
Yredelemnul
Zin
The Shining One

Shops:
D:5 [:[

Annotations:
D:2 1 runed translucent door, Crazy Yiuf


Message History

The electric eel shoots out a bolt of lightning at you!
The bolt of electricity hits you!
8251 ||| FLEEEEING.
You start resting.
HP restored.
The electric eel shoots out a bolt of lightning at you!
The bolt of electricity hits you!
8308 ||| FLEEEEING.
You start resting.
HP restored.
The electric eel shoots out a bolt of lightning at you!
The bolt of electricity hits you!
8360 ||| Stepping ~*~*~tactically~*~*~ (stealth).
You start resting.
HP restored.
The electric eel shoots out a bolt of lightning at you!
The bolt of electricity hits you!
8413 ||| FLEEEEING.
You start resting.
HP restored.
The electric eel shoots out a bolt of lightning at you!
The bolt of electricity hits the electric eel.
The electric eel completely resists.
The bolt of electricity hits you!
8462 ||| INVOKING Heroism.
You gain the combat prowess of a mighty hero.
The electric eel shoots out a bolt of lightning at you!
The bolt of electricity hits the electric eel.
The electric eel completely resists.
The bolt of electricity hits you.
The electric eel shoots out a bolt of lightning at you!
The bolt of electricity hits you!
The electric eel shoots out a bolt of lightning at you!
The bolt of electricity misses you.
The electric eel shoots out a bolt of lightning at you!
The bolt of electricity hits the electric eel.
The electric eel completely resists.
The bolt of electricity hits you! x2
There is an open door here.
The electric eel shoots out a bolt of lightning at you!
The bolt of electricity hits the electric eel.
The electric eel completely resists.
The bolt of electricity hits you!
You die...

.....##.# ##........# .....##.#
##.......# ..<..##.##
############ .....##..#
##....~~)~## .....###.#
##~########.##### #.##..)..#
#~##..P[(~##.#..##
#.##.###.###~#...P~.~~#.##..#
#.##.###.#.#.#.....$.~#.###.####
#.##.......#.#'.@S~S~~#.#...?..#
#.)).###.[##..#...~.S##)##.....#
.)##)####..##~##########~##....#
......###)..#~~##..~$!S##~##.###
..#.......<.##~#....P[~~#~##.#
#...........##.#....P.$S#.##.#
#...###.#....#.#'..P.~SS#.##.#
#.#.###.#....#..# .P~.~##'##[#
..#...#.#...###.# ######.....#


You could see 3 electric eels.

Vanquished Creatures
  A hornet (D:6)
  Sigmund (D:6)
  Eustachio (D:5)
  A steam dragon (D:6)
  Menkaure (D:5)
  A water moccasin (D:5)
  An ice beast (D:5)
  5 ogres
  A centaur (D:5)
  A phantom (D:6)
  Blork the orc (D:6)
  2 scorpions
  A necrophage (D:5)
  2 howler monkeys (D:5)
  A jelly (D:4)
  An orc priest (D:3)
  Natasha (thrice) (D:3)
  4 iguanas
  8 orc wizards
  11 adders
  9 gnolls
  A shadow imp (D:6)
  An ufetubus (D:6)
  A worm (D:5)
  2 dart slugs
  16 orcs
  8 endoplasms
  7 giant cockroaches
  9 goblins
  3 hobgoblins
  2 jackals (D:4)
  9 kobolds
  4 quokkas
  4 ball pythons
  5 bats
  A frilled lizard (D:1)
  10 rats
140 creatures vanquished.

Vanquished Creatures (others)
  An adder (D:6)
  An endoplasm (D:2)
  3 plants (D:6)
5 creatures vanquished.

Grand Total: 145 creatures vanquished

Notes
Turn   | Place    | Note
-------+----------+-------------------------------------------
     0 | D:1      | qw the Tengu Warper began the quest for the Orb.
     0 | D:1      | Reached XP level 1. HP: 12/12 MP: 4/4
     0 | D:1      | 0 ||| qw: Version: 0.1-a-89-g26bdef1
     0 | D:1      | 0 ||| qw: Game counter: 1794
     0 | D:1      | 0 ||| qw: Always use a shield: true
     0 | D:1      | 0 ||| qw: God list: Okawaru
     0 | D:1      | 0 ||| qw: Allow faded altars: false
     0 | D:1      | 0 ||| qw: Do Orc after D:15 true
     0 | D:1      | 0 ||| qw: Do second Lair branch before Depths: true
     0 | D:1      | 0 ||| qw: Lair rune preference: random
     0 | D:1      | 0 ||| qw: Plans: Normal
     0 | D:1      | 0 ||| PLANNING D:1-11
    37 | D:1      | 37 ||| SWAPPING to +1 hand axe of draining.
    38 | D:1      | 38 ||| DROPPING +0 hand axe.
   178 | D:1      | 178 ||| Stepping ~*~*~tactically~*~*~ (stealth).
   205 | D:1      | 205 ||| Stepping ~*~*~tactically~*~*~ (stealth).
   206 | D:1      | 206 ||| Stepping ~*~*~tactically~*~*~ (stealth).
   207 | D:1      | 207 ||| Stepping ~*~*~tactically~*~*~ (stealth).
   215 | D:1      | 215 ||| Stepping ~*~*~tactically~*~*~ (stealth).
   223 | D:1      | Reached XP level 2. HP: 15/17 MP: 6/6
   265 | D:1      | Reached skill level 3 in Axes
   640 | D:1      | 640 ||| Stepping ~*~*~tactically~*~*~ (hiding).
   742 | D:1      | 742 ||| Stepping ~*~*~tactically~*~*~ (hiding).
   844 | D:1      | 844 ||| Stepping ~*~*~tactically~*~*~ (hiding).
   946 | D:1      | 946 ||| Stepping ~*~*~tactically~*~*~ (hiding).
  1136 | D:1      | Found a faded altar of an unknown god.
  1287 | D:1      | 1287 ||| UPGRADING to +0 ring mail.
  1297 | D:1      | 1297 ||| DROPPING +0 leather armour.
  1298 | D:1      | 1298 ||| READING scroll labelled MOIZIANOLU.
  1430 | D:1      | 1430 ||| READING scroll labelled HAMEOKE OSESM.
  1431 | D:1      | 1431 ||| READING scroll labelled SYXZESKAGO.
  1432 | D:1      | 1432 ||| READING scroll labelled NAWYEJ DIRCH.
  1433 | D:1      | 1433 ||| READING scroll labelled VACYUFF ARIM.
  1434 | D:1      | 1434 ||| READING scroll labelled ZAZ KUIS AKAUR.
  1438 | D:1      | 1438 ||| READING scroll labelled GEICAN USAIQOE.
  1439 | D:1      | 1439 ||| DROPPING scroll of blinking.
  1523 | D:2      | Found a runed translucent door.
  1524 | D:2      | Noticed Crazy Yiuf
  1621 | D:2      | Reached XP level 3. HP: 15/21 MP: 7/7
  1622 | D:2      | 1622 ||| Stepping ~*~*~tactically~*~*~ (stealth).
  1681 | D:2      | 1681 ||| Stepping ~*~*~tactically~*~*~ (stealth).
  1694 | D:2      | 1694 ||| Stepping ~*~*~tactically~*~*~ (stealth).
  1712 | D:2      | Reached skill level 4 in Axes
  2186 | D:2      | Reached XP level 4. HP: 26/26 MP: 8/8
  2545 | D:2      | 2545 ||| READING 2 scrolls labelled RYETHR INORIU.
  2546 | D:2      | 2546 ||| READING scroll labelled IMIFUM AQOPLITT.
  2590 | D:3      | Noticed Natasha
  2600 | D:3      | Killed Natasha
  2601 | D:3      | Reached skill level 5 in Axes
  2732 | D:3      | Noticed Natasha
  2740 | D:3      | Killed Natasha
  2875 | D:3      | Gained mutation: Your magical nature lets you fly swiftly
                  | and evasively. [Tengu growth]
  2875 | D:3      | Reached XP level 5. HP: 30/30 MP: 9/9
  2942 | D:3      | 2942 ||| Stepping ~*~*~tactically~*~*~ (stealth).
  2944 | D:3      | 2944 ||| Stepping ~*~*~tactically~*~*~ (stealth).
  2946 | D:3      | 2946 ||| Stepping ~*~*~tactically~*~*~ (stealth).
  2959 | D:3      | 2959 ||| Stepping ~*~*~tactically~*~*~ (stealth).
  2960 | D:3      | 2960 ||| Stepping ~*~*~tactically~*~*~ (stealth).
  2986 | D:3      | 2986 ||| Stepping ~*~*~tactically~*~*~ (stealth).
  2988 | D:3      | 2988 ||| Stepping ~*~*~tactically~*~*~ (hiding).
  2996 | D:3      | 2996 ||| Stepping ~*~*~tactically~*~*~ (stealth).
  2999 | D:3      | 2999 ||| Stepping ~*~*~tactically~*~*~ (stealth).
  3001 | D:3      | 3001 ||| Stepping ~*~*~tactically~*~*~ (hiding).
  3006 | D:3      | Reached skill level 6 in Axes
  3196 | D:3      | Found a glowing silver altar of Zin.
  3196 | D:3      | Noticed an angel
  3243 | D:3      | Found a stormy altar of Qazlal.
  3293 | D:3      | Reached XP level 6. HP: 26/35 MP: 10/10
  3370 | D:3      | 3370 ||| DROPPING +0 whip.
  3393 | D:3      | Noticed Natasha
  3395 | D:3      | 3395 ||| Stepping ~*~*~tactically~*~*~ (hiding).
  3396 | D:3      | 3396 ||| Stepping ~*~*~tactically~*~*~ (hiding).
  3398 | D:3      | 3398 ||| Stepping ~*~*~tactically~*~*~ (hiding).
  3405 | D:3      | Killed Natasha
  3406 | D:3      | Reached skill level 7 in Axes
  3730 | D:3      | 3730 ||| Stepping ~*~*~tactically~*~*~ (stealth).
  3863 | D:3      | Found a sacrificial altar of Ru.
  3864 | D:3      | Found an opulent altar of Gozag.
  3991 | D:3      | Found a blossoming altar of Fedhas.
  4008 | D:3      | Found a hide-covered altar of Uskayaw.
  4121 | D:3      | 4121 ||| UPGRADING to +0 cloak.
  4126 | D:3      | 4126 ||| DROPPING scarf of shadows.
  4127 | D:3      | 4127 ||| READING scroll of enchant armour.
  4127 | D:3      | 4127 ||| ENCHANTING +0 cloak.
  4128 | D:3      | 4128 ||| DRINKING 2 purple potions.
  4129 | D:3      | 4129 ||| DROPPING potion of brilliance.
  4159 | D:4      | 4159 ||| STAIRDANCE
  4204 | D:4      | 4204 ||| Stepping ~*~*~tactically~*~*~ (hiding).
  4219 | D:4      | 4219 ||| Stepping ~*~*~tactically~*~*~ (hiding).
  4229 | D:4      | Reached skill level 3 in Fighting
  4314 | D:4      | 4314 ||| FLEEEEING.
  4401 | D:4      | 4401 ||| Stepping ~*~*~tactically~*~*~ (stealth).
  4403 | D:4      | 4403 ||| Stepping ~*~*~tactically~*~*~ (stealth).
  4410 | D:4      | Reached XP level 7. HP: 29/41 MP: 11/11
  4413 | D:4      | Reached skill level 8 in Axes
  4793 | D:4      | 4793 ||| Stepping ~*~*~tactically~*~*~ (hiding).
  4809 | D:4      | Reached skill level 3 in Dodging
  5136 | D:4      | 5136 ||| Stepping ~*~*~tactically~*~*~ (stealth).
  5137 | D:4      | 5137 ||| Stepping ~*~*~tactically~*~*~ (stealth).
  5138 | D:4      | 5138 ||| Stepping ~*~*~tactically~*~*~ (stealth).
  5285 | D:4      | Found a snail-covered altar of Cheibriados.
  5305 | D:4      | 5305 ||| UPGRADING to +0 scale mail.
  5315 | D:4      | 5315 ||| DROPPING +0 ring mail.
  5316 | D:4      | 5316 ||| READING scroll labelled LUIZXE IDEBUUKH.
  5348 | D:5      | Entered Level 5 of the Dungeon
  5349 | D:5      | 5349 ||| PLANNING SEWER
  5361 | D:5      | Noticed Menkaure
  5362 | D:5      | 5362 ||| FLEEEEING.
  5364 | D:5      | 5364 ||| STAIRDANCE
  5451 | D:5      | Killed Menkaure
  5455 | D:5      | 5455 ||| FLEEEEING.
  5456 | D:5      | 5456 ||| FLEEEEING.
  5457 | D:5      | 5457 ||| FLEEEEING.
  5458 | D:5      | 5458 ||| FLEEEEING.
  5460 | D:5      | 5460 ||| STAIRDANCE
  5539 | D:5      | Reached XP level 8. HP: 46/46 MP: 12/12
  5540 | D:5      | 5540 ||| DROPPING +0 flail.
  5544 | D:5      | Found Kiefekya's Antique Armour Shop.
  5559 | D:5      | 5559 ||| SHOPLISTING +10 tower shield of Ignorance {rN+
                  | Int-4} (1776 gold, have 240).
  5559 | D:5      | 5559 ||| BUYING chain mail (139 gold).
  5559 | D:5      | Bought a chain mail for 139 gold pieces
  5559 | D:5      | 5559 ||| SHOPLISTING tiger eye-encrusted plate armour (868
                  | gold, have 101).
  5565 | D:5      | 5565 ||| Stepping ~*~*~tactically~*~*~ (hiding).
  5567 | D:5      | 5567 ||| Stepping ~*~*~tactically~*~*~ (hiding).
  5574 | D:5      | Reached skill level 9 in Axes
  5574 | D:5      | 5574 ||| FLEEEEING.
  5575 | D:5      | 5575 ||| FLEEEEING.
  5576 | D:5      | 5576 ||| FLEEEEING.
  5577 | D:5      | 5577 ||| FLEEEEING.
  5578 | D:5      | 5578 ||| FLEEEEING.
  5579 | D:5      | 5579 ||| FLEEEEING.
  5580 | D:5      | 5580 ||| STAIRDANCE
  5636 | D:4      | 5636 ||| UPGRADING to +0 chain mail.
  5646 | D:4      | 5646 ||| DROPPING +0 scale mail.
  5650 | D:5      | 5650 ||| STAIRDANCE
  5697 | D:5      | 5697 ||| STAIRDANCE
  5723 | D:4      | 5723 ||| SWAPPING to +0 vampiric hand axe.
  5724 | D:4      | 5724 ||| DROPPING +2 hand axe of draining.
  5785 | D:5      | Reached skill level 3 in Armour
  5792 | D:5      | 5792 ||| Stepping ~*~*~tactically~*~*~ (stealth).
  5820 | D:5      | 5820 ||| Stepping ~*~*~tactically~*~*~ (stealth).
  5843 | D:5      | 5843 ||| Stepping ~*~*~tactically~*~*~ (stealth).
  5847 | D:5      | 5847 ||| Stepping ~*~*~tactically~*~*~ (stealth).
  5860 | D:5      | HP: 12/48 [poisoned by a water moccasin]
  6003 | D:5      | 6003 ||| RIP SEWER
  6046 | D:5      | 6046 ||| PLANNING D:1-11
  6111 | D:5      | Found a radiant altar of Vehumet.
  6111 | D:5      | Found a staircase to the Ecumenical Temple.
  6112 | D:5      | 6112 ||| PLANNING TEMPLE
  6112 | D:5      | 6112 ||| READING 2 scrolls of identify.
  6112 | D:5      | 6112 ||| IDENTIFYING orange potion
  6113 | D:5      | 6113 ||| DROPPING potion of flight.
  6122 | Temple   | Entered the Ecumenical Temple
  6128 | Temple   | Became a worshipper of Warmaster Okawaru
  6197 | Temple   | 6197 ||| PLANNING D:1-11
  6272 | D:5      | Found Reun's Antique Armour Shoppe.
  6275 | D:5      | 6275 ||| SHOPLISTING fine cloak (142 gold, have 131).
  6275 | D:5      | 6275 ||| SHOPLISTING glowing orb (180 gold, have 131).
  6275 | D:5      | 6275 ||| SHOPLISTING runed orb (180 gold, have 131).
  6275 | D:5      | 6275 ||| SHOPLISTING shiny orb (180 gold, have 131).
  6307 | D:5      | Found Megam's Book Shop.
  6357 | D:5      | 6357 ||| Stepping ~*~*~tactically~*~*~ (stealth).
  6358 | D:5      | 6358 ||| Stepping ~*~*~tactically~*~*~ (stealth).
  6360 | D:5      | 6360 ||| Stepping ~*~*~tactically~*~*~ (hiding).
  6362 | D:5      | 6362 ||| Stepping ~*~*~tactically~*~*~ (hiding).
  6483 | D:5      | 6483 ||| Stepping ~*~*~tactically~*~*~ (stealth).
  6589 | D:5      | 6589 ||| DRINKING 2 bubbling clear potions.
  6590 | D:5      | 6590 ||| READING 2 scrolls of identify.
  6590 | D:5      | 6590 ||| IDENTIFYING brown potion
  6591 | D:5      | 6591 ||| DROPPING potion of degeneration.
  6592 | D:5      | 6592 ||| DROPPING potion of attraction.
  6608 | D:6      | Noticed Eustachio
  6610 | D:6      | 6610 ||| STAIRDANCE
  6629 | D:5      | Killed Eustachio
  6630 | D:5      | Reached skill level 10 in Axes
  6698 | D:6      | 6698 ||| Stepping ~*~*~tactically~*~*~ (stealth).
  6709 | D:6      | 6709 ||| DROPPING +2 vorpal flail.
  6734 | D:6      | HP: 10/48 [ogre/+0 giant spiked club (15)]
  6735 | D:6      | 6735 ||| DRINKING potion of heal wounds.
  6744 | D:6      | Reached XP level 9. HP: 32/52 MP: 13/13
  7029 | D:6      | 7029 ||| Stepping ~*~*~tactically~*~*~ (hiding).
  7048 | D:6      | Reached * piety under Okawaru
  7054 | D:6      | 7054 ||| Stepping ~*~*~tactically~*~*~ (hiding).
  7136 | D:6      | Noticed Sigmund
  7137 | D:6      | 7137 ||| INVOKING Heroism.
  7150 | D:6      | Killed Sigmund
  7151 | D:6      | Reached skill level 1 in Invocations
  7548 | D:6      | Noticed Blork the orc
  7549 | D:6      | 7549 ||| INVOKING Heroism.
  7560 | D:6      | Killed Blork the orc
  7697 | D:6      | 7697 ||| INVOKING Heroism.
  7711 | D:6      | Reached skill level 11 in Axes
  7846 | D:6      | 7846 ||| INVOKING Heroism.
  7959 | D:6      | Noticed a hornet
  7963 | D:6      | Paralysed by a hornet for 2 turns
  7977 | D:6      | Killed a hornet
  7978 | D:6      | Reached skill level 3 in Invocations
  8065 | D:6      | 8065 ||| FLEEEEING.
  8172 | D:6      | 8172 ||| FLEEEEING.
  8251 | D:6      | 8251 ||| FLEEEEING.
  8308 | D:6      | 8308 ||| FLEEEEING.
  8360 | D:6      | 8360 ||| Stepping ~*~*~tactically~*~*~ (stealth).
  8413 | D:6      | 8413 ||| FLEEEEING.
  8462 | D:6      | 8462 ||| INVOKING Heroism.
  8463 | D:6      | HP: 2/54 [electric eel/bolt of electricity (15)]
  8465 | D:6      | Killed from afar by an electric eel

Levels and vault maps discovered:
D:1:      elethiomel_arrival_infinity_welcomes_careful_drivers, layout_basic,
          hellmonk_ecumenical_altar_inner_sanctum
D:2:      layout_basic, lemuel_flame_loot_1, uniq_crazy_yiuf_cottage
D:3:      layout_basic, nicolae_qazlal_scattered_showers, zin_angel,
          gammafunk_temple_overflow_statue, minitemple, st_stairs_11,
          uniq_natasha
D:4:      layout_rooms, chei_slow_surprise
D:5:      layout_rooms, mainiacjoe_overflow_concentric_impassable,
          minmay_temple_entry_statues_fountains, gup_sewer_entry_bowl,
          serial_shops, kennysheep_mini, nicolae_shop_hallway_stairs,
          kennysheep_mini_moat, uniq_menkaure
D:6:      cheibrodos_two_vegetables, layout_rooms, serial_curves,
          eino_curves_01, eino_curves_01, eino_curves_02, eino_curves_03,
          hangedman_abyss_or_decor_stabs, uniq_sigmund, uniq_eustachio,
          uniq_blork_the_orc
Temple:   dshaligram_water_room_temple

Skill      XL: |  1  2  3  4  5  6  7  8  9 |
---------------+----------------------------+-----
Axes           | 3 4 5 6 7 8 10 11 | 11.3
Fighting       | 3 4 5 |  5.0
Dodging        | 3 |  3.0
Throwing       | 2 |  2.2
Armour         | 2 4 |  4.0
Invocations    | 3 |  3.1
Spellcasting   | |  2.0
Translocations | |  2.4

Action                   |  1- 3 |  4- 6 |  7- 9 || total
-------------------------+-------+-------+-------++-------
Melee: Hand axe          |    50 |   112 |   250 ||   412
       Kick              |     6 |    27 |    77 ||   110
       Peck              |     5 |    20 |    52 ||    77
       Punch             |     2 |       |     6 ||     8
Throw: Boomerang         |     7 |       |     3 ||    10
       Javelin           |    14 |    28 |    32 ||    74
Invok: Heroism           |       |       |     5 ||     5
  Use: Scroll            |     7 |     3 |     3 ||    13
       Potion            |       |     1 |     2 ||     3
Armor: Ring mail         |    14 |    21 |     8 ||    43
       Leather armour    |     1 |       |       ||     1
       Scale mail        |       |       |     5 ||     5
       Chain mail        |       |       |    75 ||    75
Dodge: Dodged            |    25 |    70 |    76 ||   171

Table legend:
 A = Non-vault XP
 B = Vault XP
 C = Vault XP percentage of total XP
 D = Non-vault monster count
 E = Vault monster count
 F = Vault count percentage of total count
                 A         B        C        D         E       F
            +---------+---------+-------+---------+---------+-------
      Total |    2531 |    1154 |  31.3 |     127 |      14 |   9.9
            +---------+---------+-------+---------+---------+-------
        D:1 |      24 |       0 |   0.0 |      14 |       0 |   0.0
        D:2 |      67 |       0 |   0.0 |      21 |       0 |   0.0
        D:3 |     278 |      42 |  13.1 |      28 |       4 |  12.5
        D:4 |     529 |       0 |   0.0 |      32 |       0 |   0.0
        D:5 |     893 |     373 |  29.5 |      17 |       5 |  22.7
        D:6 |     740 |     739 |  50.0 |      15 |       5 |  25.0
            +---------+---------+-------+---------+---------+-------
